ST.LOUIS vs COLUMBUS

Created - January-31-21 at 12:57

Goals
1 2 3 T
ST.LOUIS 0 2 1 3
COLUMBUS 4 2 0 6
Shots
1 2 3 T
ST.LOUIS 10 13 12 35
COLUMBUS 14 7 6 27

1st period

1. COLUMBUS , Aleksander Barkov 9 (Steven Stamkos 15, Jacob Trouba 7) at 4:02
2. COLUMBUS , Ben Chiarot 2 (Steven Stamkos 16, Jacob Trouba 8) at 5:18 (PP)
3. COLUMBUS , Jacob Trouba 3 (Steven Stamkos 17, Anthony Beauvillier 7) at 8:22 (PP)
4. COLUMBUS , Derek Grant 2 (Erik Cernak 6, Cam Atkinson 2) at 15:31

Penalties :
Brayden McNabb (STL) for Interference (Minor) at 5:00, Carl Soderberg (STL) for Slashing (Minor) at 7:24, Sean Kuraly (CBJ) for Hooking (Minor) at 9:39

2nd period

5. COLUMBUS , T.J. Oshie 7 (Jonathan Drouin 5, Luke Kunin 6) at 12:19
6. COLUMBUS , Anthony Beauvillier 3 (Aleksander Barkov 10) at 12:23
7. ST.LOUIS , Brett Howden 2 (Andy Greene 8, Tim Schaller 1) at 17:12
8. ST.LOUIS , Joonas Donskoi 2 (Darnell Nurse 5, Brett Connolly 2) at 18:25

Penalties :
Adam Fox (STL) for Diving (Minor) at 5:21, Aleksander Barkov (CBJ) for Holding (Minor) at 12:28

3rd period

9. ST.LOUIS , Ryan Getzlaf 6 (Andy Greene 9) at 7:00

Penalties :
Steven Stamkos (CBJ) for Hooking (Minor) at 3:07

Goalie Stats

Carter Hutton (STL), 14 saves from 20 shots - (0.700), L, 7-9-0, 32:23 minutes
Elvis Merzlikins (STL), 7 saves from 7 shots - (1.000), 27:37 minutes
Mikko Koskinen (CBJ), 32 saves from 35 shots - (0.914), W, 6-4-0, 60:00 minutes

Players Stats for ST.LOUIS

Player Name              G  A  P  +/- PIM S  H  SB GA TA FO     MP     PP MP  PK MP  
------------------------------------------------------------------------------------
Adam Fox                 0  0  0   0  2   0  0  0  0  0  0/0    14:58   0:00   0:00 
Andy Greene              0  2  2   2  0   4  0  1  0  0  0/0    24:24   3:29   1:52 
Blake Lizotte            0  0  0   0  0   0  0  0  0  0  0/0     0:00   0:00   0:00 
Brayden McNabb           0  0  0  -3  2   1  4  2  0  0  0/0    20:19   2:11   1:23 
Brenden Dillon           0  0  0  -3  0   2  1  3  0  0  0/0    20:20   2:11   1:23 
Brett Connolly           0  1  1   0  0   0  1  0  0  0  0/1    13:02   0:00   0:00 
Brett Howden             1  0  1   0  0   2  0  0  0  0  2/4     6:07   0:00   0:00 
Carl Soderberg           0  0  0   0  2   0  0  0  0  0  9/16   13:36   0:00   0:35 
Darnell Nurse            0  1  1   2  0   3  4  1  0  0  0/0    24:41   3:46   1:52 
Eric Fehr                0  0  0   0  0   0  0  0  0  0  0/0     0:00   0:00   0:00 
Jaden Schwartz           0  0  0  -2  0   2  3  0  0  0  1/6    17:47   2:29   1:10 
James Neal               0  0  0   1  0   2  1  1  0  0  0/2    21:34   3:28   0:35 
Johnny Gaudreau          0  0  0   1  0   4  0  0  0  0  1/3    22:29   3:28   1:30 
Joonas Donskoi           1  0  1   0  0   2  0  0  0  0  0/2    13:02   0:00   0:00 
Kevin Labanc             0  0  0  -2  0   5  1  0  0  0  0/0    16:37   2:29   0:00 
Neal Pionk               0  0  0   0  0   0  1  0  0  0  0/0    15:16   0:17   0:00 
Ryan Getzlaf             1  0  1   1  0   4  5  0  0  0  16/31  22:29   3:28   1:30 
Ryan Johansen            0  0  0  -2  0   4  1  0  0  0  16/23  17:47   2:29   1:10 
Sam Gagner               0  0  0   0  0   0  0  0  0  0  0/0     6:07   0:00   0:00 
Tim Schaller             0  1  1   0  0   0  0  0  0  0  0/0     6:07   0:00   0:00 

Players Stats for COLUMBUS

Player Name              G  A  P  +/- PIM S  H  SB GA TA FO     MP     PP MP  PK MP  
------------------------------------------------------------------------------------
Aleksander Barkov        1  1  2   2  2   6  0  1  0  0  20/32  20:43   2:00   2:44 
Anthony Beauvillier      1  1  2   2  0   1  0  0  0  0  1/3    17:26   2:00   0:00 
Ben Chiarot              1  0  1   1  0   1  3  2  0  0  0/0    21:39   2:00   2:59 
Cam Atkinson             0  1  1   0  0   2  0  0  0  0  0/2    14:35   0:00   1:09 
Carl Gunnarsson          0  0  0   0  0   0  0  0  0  0  0/0     4:02   0:55   0:00 
Derek Grant              1  0  1   0  0   2  0  0  0  0  7/11   14:21   0:55   0:00 
Erik Cernak              0  1  1   0  0   0  2  3  0  0  0/0    14:42   0:55   0:00 
Jack Roslovic            0  0  0  -1  0   0  0  0  0  0  4/14    8:40   0:55   2:31 
Jacob Trouba             1  2  3   1  0   2  2  2  0  0  0/0    21:39   2:00   2:59 
John Carlson             0  0  0   0  0   2  1  0  0  0  0/0    23:39   0:20   2:58 
Jonathan Drouin          0  1  1   0  0   2  1  0  0  0  0/0    16:28   0:20   0:00 
Kaapo Kakko              0  0  0  -1  0   0  0  0  0  0  0/0     5:48   0:00   0:00 
Luke Kunin               0  1  1   0  0   1  3  0  0  0  9/22   16:28   0:20   0:00 
Marcus Sorensen          0  0  0  -1  0   1  0  0  0  0  1/2     7:12   0:00   1:24 
Mattias Ekholm           0  0  0   0  0   1  2  0  0  0  0/0    20:32   0:20   2:58 
Ryan Murray              0  0  0   0  0   2  0  0  0  0  0/0    13:47   0:00   0:00 
Sean Kuraly              0  0  0   0  2   0  4  0  0  0  0/1    14:49   0:55   0:29 
Steven Stamkos           0  3  3   2  2   2  2  0  0  0  1/1    19:53   2:00   2:28 
T.J. Oshie               1  0  1   0  0   2  4  0  0  0  0/0    17:37   0:20   1:09 

3 Stars

1 - Jacob Trouba (CBJ)
2 - Anthony Beauvillier (CBJ)
3 - Steven Stamkos (CBJ)

Power Play

ST.LOUIS - 0 on 3 Attempt(s) - 0.00%
COLUMBUS - 2 on 3 Attempt(s) - 66.67%

Penalty Kill

ST.LOUIS - 1 on 3 Attempt(s) - 33.33% - Score 0 goal in Penalty Kill
COLUMBUS - 3 on 3 Attempt(s) - 100.00% - Score 0 goal in Penalty Kill

Team Stat

ST.LOUIS - Hits : 22 - Faceoff Wins : 45 - Blocked Shots : 8 - Penalty Minutes : 6
COLUMBUS - Hits : 24 - Faceoff Wins : 43 - Blocked Shots : 8 - Penalty Minutes : 6

Official

Referees : Andrew Wilk and Brett Roeland
Linesman : Steve Barton and Mark Shewchyk

Game Notes

Elvis Merzlikins enters game at 12:23 of 2nd period

Finance

Level 1 -- Attendance: 6000 (100.00%) -- Ticket Income $540,000
Level 2 -- Attendance: 4990 (99.80%) -- Ticket Income $249,500
Level 3 -- Attendance: 1787 (89.35%) -- Ticket Income $53,610
Level 4 -- Attendance: 3957 (98.93%) -- Ticket Income $59,355
Luxury Box -- Attendance: 941 (94.10%) -- Ticket Income $169,380
Game was played at the Nationwide Arena.
Total Attendance: 17675 (98.19%)
Total Ticket Income: $1,071,845
Total Income: $1,071,845

ST.LOUIS

5 vs 5 Forward 
   Center                   Left Wing                Right Wing               Time % Phy DF OF 
 1 Ryan Getzlaf             Johnny Gaudreau          James Neal               35     1   2  2  
 2 Ryan Johansen            Jaden Schwartz           Kevin Labanc             30     1   2  2  
 3 Carl Soderberg           Joonas Donskoi           Brett Connolly           25     1   2  2  
 4 Brett Howden             Tim Schaller             Sam Gagner               10     1   2  2  

5 vs 5 Defense 
   Defense                  Defense                                           Time % Phy DF OF 
 1 Darnell Nurse            Andy Greene                                       35     1   2  2  
 2 Brayden McNabb           Brenden Dillon                                    30     1   2  2  
 3 Neal Pionk               Adam Fox                                          25     1   2  2  
 4 Darnell Nurse            Andy Greene                                       10     1   2  2  

PowerPlay Forward 
   Center                   Left Wing                Right Wing               Time % Phy DF OF 
 1 Ryan Getzlaf             Johnny Gaudreau          James Neal               60     1   2  2  
 2 Ryan Johansen            Jaden Schwartz           Kevin Labanc             40     1   2  2  

PowerPlay Defense
   Defense                  Defense                                           Time % Phy DF OF 
 1 Darnell Nurse            Andy Greene                                       60     1   2  2  
 2 Brayden McNabb           Brenden Dillon                                    40     1   2  2  

Penalty Kill 4 Players Forward 
   Center                   Wing                     Time % Phy DF OF 
 1 Johnny Gaudreau          Ryan Getzlaf             60     1   2  2  
 2 Jaden Schwartz           Ryan Johansen            40     1   2  2  

Penalty Kill 4 Players Defense
   Defense                  Defense                  Time % Phy DF OF 
 1 Darnell Nurse            Andy Greene              60     1   2  2  
 2 Brayden McNabb           Brenden Dillon           40     1   2  2  

Penalty Kill - 3 Players Forward 
   Forward                                           Time % Phy DF OF 
 1 Johnny Gaudreau                                   60     1   2  2  
 2 Ryan Getzlaf                                      40     1   2  2  

Penalty Kill - 3 Players Defense
   Defense                  Defense                  Time % Phy DF OF 
 1 Darnell Nurse            Andy Greene              60     1   2  2  
 2 Brayden McNabb           Brenden Dillon           40     1   2  2  

4 vs 4 Forward 
   Center                   Wing                     Time % Phy DF OF 
 1 Johnny Gaudreau          Ryan Getzlaf             60     1   2  2  
 2 Jaden Schwartz           Ryan Johansen            40     1   2  2  

4 vs 4 Defense
   Defense                  Defense                  Time % Phy DF OF 
 1 Darnell Nurse            Andy Greene              60     1   2  2  
 2 Brayden McNabb           Brenden Dillon           40     1   2  2  

Last Minutes Offensive
   Center                   Left Wing                Right Wing               Defense                  Defense                  
   Ryan Getzlaf             Johnny Gaudreau          James Neal               Darnell Nurse            Andy Greene              

Last Minutes Defensive
   Center                   Left Wing                Right Wing               Defense                  Defense                  
   Ryan Getzlaf             Johnny Gaudreau          James Neal               Darnell Nurse            Andy Greene              

Goaltenders
Starting : Carter Hutton            
Backup : Elvis Merzlikins         

Extra Forwards
Normal : Eric Fehr, Blake Lizotte, Carl Soderberg - PP : Eric Fehr, Blake Lizotte - PK : Carl Soderberg
Extra Defensemen
Normal : Neal Pionk, Adam Fox, Brayden McNabb - PP : Neal Pionk - PK : Adam Fox, Brayden McNabb
Penalty Shots
Johnny Gaudreau, Ryan Getzlaf, Jaden Schwartz, Ryan Johansen, Carl Soderberg

Scratches
STL Cap Hit (Suspend), Nick Ritchie (Healthy)

COLUMBUS

5 vs 5 Forward 
   Center                   Left Wing                Right Wing               Time % Phy DF OF 
 1 Aleksander Barkov        Anthony Beauvillier      Steven Stamkos           35     1   2  2  
 2 Luke Kunin               Jonathan Drouin          T.J. Oshie               30     1   2  2  
 3 Derek Grant              Sean Kuraly              Cam Atkinson             25     1   2  2  
 4 Jack Roslovic            Marcus Sorensen          Kaapo Kakko              10     1   2  2  

5 vs 5 Defense 
   Defense                  Defense                                           Time % Phy DF OF 
 1 John Carlson             Mattias Ekholm                                    35     1   2  2  
 2 Jacob Trouba             Ben Chiarot                                       30     1   2  2  
 3 Erik Cernak              Ryan Murray                                       25     1   2  2  
 4 Carl Gunnarsson          John Carlson                                      10     1   2  2  

PowerPlay Forward 
   Center                   Left Wing                Right Wing               Time % Phy DF OF 
 1 Aleksander Barkov        Anthony Beauvillier      Steven Stamkos           60     1   2  2  
 2 Luke Kunin               Jonathan Drouin          T.J. Oshie               40     1   2  2  

PowerPlay Defense
   Defense                  Defense                                           Time % Phy DF OF 
 1 John Carlson             Mattias Ekholm                                    60     1   2  2  
 2 Jacob Trouba             Ben Chiarot                                       40     1   2  2  

Penalty Kill 4 Players Forward 
   Center                   Wing                     Time % Phy DF OF 
 1 Aleksander Barkov        Steven Stamkos           60     1   2  2  
 2 T.J. Oshie               Cam Atkinson             40     1   2  2  

Penalty Kill 4 Players Defense
   Defense                  Defense                  Time % Phy DF OF 
 1 John Carlson             Mattias Ekholm           60     1   2  2  
 2 Jacob Trouba             Ben Chiarot              40     1   2  2  

Penalty Kill - 3 Players Forward 
   Forward                                           Time % Phy DF OF 
 1 Aleksander Barkov                                 60     1   2  2  
 2 Steven Stamkos                                    40     1   2  2  

Penalty Kill - 3 Players Defense
   Defense                  Defense                  Time % Phy DF OF 
 1 John Carlson             Mattias Ekholm           60     1   2  2  
 2 Jacob Trouba             Ben Chiarot              40     1   2  2  

4 vs 4 Forward 
   Center                   Wing                     Time % Phy DF OF 
 1 Aleksander Barkov        Steven Stamkos           60     1   2  2  
 2 T.J. Oshie               Cam Atkinson             40     1   2  2  

4 vs 4 Defense
   Defense                  Defense                  Time % Phy DF OF 
 1 John Carlson             Mattias Ekholm           60     1   2  2  
 2 Jacob Trouba             Ben Chiarot              40     1   2  2  

Last Minutes Offensive
   Center                   Left Wing                Right Wing               Defense                  Defense                  
   Aleksander Barkov        Anthony Beauvillier      Steven Stamkos           John Carlson             Mattias Ekholm           

Last Minutes Defensive
   Center                   Left Wing                Right Wing               Defense                  Defense                  
   Aleksander Barkov        Anthony Beauvillier      Steven Stamkos           John Carlson             Mattias Ekholm           

Goaltenders
Starting : Mikko Koskinen           
Backup : David Rittich            

Extra Forwards
Normal : Derek Grant, Sean Kuraly, Jack Roslovic - PP : Derek Grant, Sean Kuraly - PK : Jack Roslovic
Extra Defensemen
Normal : Erik Cernak, Ryan Murray, Carl Gunnarsson - PP : Erik Cernak - PK : Ryan Murray, Carl Gunnarsson
Penalty Shots
Aleksander Barkov, Steven Stamkos, T.J. Oshie, Cam Atkinson, Anthony Beauvillier

Scratches
Emil Bemstrom (Healthy), CBJ Cap Hit (Suspend)

% Time on Ice - ST.LOUIS

Lines # - Real PCT - Wanted PCT - Time Play
Normal Forward
1 - 34% - 35% - 17:31
2 - 28% - 30% - 14:08
3 - 26% - 25% - 13:02
4 - 12% - 10% - 6:07
Normal Defense
1 - 34% - 35% - 17:10
2 - 33% - 30% - 16:46
3 - 29% - 25% - 14:59
4 - 4% - 10% - 1:53
PP Forward
1 - 58% - 60% - 3:28
2 - 42% - 40% - 2:29
PP Defense
1 - 63% - 60% - 3:46
2 - 37% - 40% - 2:11
PK Forward
1 - 64% - 60% - 2:05
2 - 36% - 40% - 1:10
PK Defense
1 - 57% - 60% - 1:52
2 - 43% - 40% - 1:23
PK3 Forward
1 - 0% - 60%
2 - 0% - 40%
PK3 Defense
1 - 0% - 60%
2 - 0% - 40%
44 Forward
1 - 0% - 60%
2 - 0% - 40%
44 Defense
1 - 0% - 60%
2 - 0% - 40%
Last Minute Offensive  - 0:00
Last Minute Defensive  - 0:00
Total
Forward - 60:00
Defense - 60:00

% Time on Ice - COLUMBUS

Lines # - Real PCT - Wanted PCT - Time Play
Normal Forward
1 - 30% - 35% - 15:26
2 - 32% - 30% - 16:08
3 - 26% - 25% - 13:26
4 - 11% - 10% - 5:48
Normal Defense
1 - 34% - 35% - 17:14
2 - 33% - 30% - 16:40
3 - 27% - 25% - 13:47
4 - 6% - 10% - 3:07
PP Forward
1 - 90% - 60% - 2:55
2 - 10% - 40% - 0:20
PP Defense
1 - 10% - 60% - 0:20
2 - 90% - 40% - 2:55
PK Forward
1 - 81% - 60% - 4:48
2 - 19% - 40% - 1:09
PK Defense
1 - 50% - 60% - 2:58
2 - 50% - 40% - 2:59
PK3 Forward
1 - 0% - 60%
2 - 0% - 40%
PK3 Defense
1 - 0% - 60%
2 - 0% - 40%
44 Forward
1 - 0% - 60%
2 - 0% - 40%
44 Defense
1 - 0% - 60%
2 - 0% - 40%
Last Minute Offensive  - 0:00
Last Minute Defensive  - 0:00
Total
Forward - 60:00
Defense - 60:00

Play-by-Play

1st period


0:01 of 1st period - Ryan Getzlaf wins face-off versus Anthony Beauvillier in neutral zone.
0:01 of 1st period - Ryan Getzlaf is hit by Steven Stamkos.
0:08 of 1st period - Icing by Mattias Ekholm.
0:09 of 1st period - Ryan Johansen wins face-off versus Aleksander Barkov in COLUMBUS zone.
0:20 of 1st period - Icing by Brenden Dillon.
0:21 of 1st period - Luke Kunin wins face-off versus Ryan Johansen in ST.LOUIS zone.
0:43 of 1st period - Shot by Ryan Johansen.
0:43 of 1st period - Stopped by Mikko Koskinen without a rebound.
0:44 of 1st period - Derek Grant wins face-off versus Carl Soderberg in COLUMBUS zone.
1:07 of 1st period - Icing by Adam Fox.
1:08 of 1st period - Jack Roslovic wins face-off versus Carl Soderberg in ST.LOUIS zone.
2:09 of 1st period - Icing by Adam Fox.
2:10 of 1st period - Carl Soderberg wins face-off versus Luke Kunin in ST.LOUIS zone.
2:10 of 1st period - Carl Soderberg is hit by Luke Kunin.
2:28 of 1st period - Shot by Jonathan Drouin.
2:28 of 1st period - Stopped by Carter Hutton without a rebound.
2:29 of 1st period - Brett Howden wins face-off versus Cam Atkinson in ST.LOUIS zone.
2:29 of 1st period - Brett Howden is hit by Sean Kuraly.
2:39 of 1st period - Shot by Darnell Nurse.
2:39 of 1st period - Shot Misses the Net.
2:51 of 1st period - Andy Greene is hit by Sean Kuraly and loses puck.
3:05 of 1st period - Sean Kuraly is hit by Darnell Nurse and loses puck.
3:28 of 1st period - Shot by Steven Stamkos.
3:28 of 1st period - Stopped by Carter Hutton without a rebound.
3:29 of 1st period - Ryan Getzlaf wins face-off versus Luke Kunin in ST.LOUIS zone.
3:29 of 1st period - Johnny Gaudreau is hit by T.J. Oshie and loses puck.
3:48 of 1st period - Shot by Johnny Gaudreau.
3:48 of 1st period - Stopped by Mikko Koskinen without a rebound.
3:49 of 1st period - Aleksander Barkov wins face-off versus Ryan Johansen in COLUMBUS zone.
4:02 of 1st period - Shot by Steven Stamkos.
4:02 of 1st period - Deflect By Aleksander Barkov.
4:02 of 1st period - Goal by Aleksander Barkov - ST.LOUIS : 0 - COLUMBUS : 1.
4:03 of 1st period - Ryan Getzlaf wins face-off versus Luke Kunin in neutral zone.
4:17 of 1st period - Johnny Gaudreau is hit by Mattias Ekholm and loses puck.
4:26 of 1st period - Shot by Johnny Gaudreau.
4:26 of 1st period - Stopped by Mikko Koskinen without a rebound.
4:27 of 1st period - Ryan Johansen wins face-off versus Aleksander Barkov in COLUMBUS zone.
4:41 of 1st period - Shot by Jacob Trouba.
4:41 of 1st period - Stopped by Carter Hutton without a rebound.
4:42 of 1st period - Derek Grant wins face-off versus Ryan Getzlaf in ST.LOUIS zone.
4:52 of 1st period - Cam Atkinson is hit by Brayden McNabb and loses puck.
5:00 of 1st period - Minor Penalty to Brayden McNabb for Interference.
5:01 of 1st period - Johnny Gaudreau wins face-off versus Aleksander Barkov in ST.LOUIS zone.
5:10 of 1st period - Shot by Jacob Trouba.
5:10 of 1st period - Shot Misses the Net.
5:16 of 1st period - Shot by Steven Stamkos.
5:16 of 1st period - Shot Blocked by Andy Greene.
5:18 of 1st period - Shot by Ben Chiarot.
5:18 of 1st period - Goal by Ben Chiarot - ST.LOUIS : 0 - COLUMBUS : 2.
5:19 of 1st period - Ryan Johansen wins face-off versus Luke Kunin in neutral zone.
5:52 of 1st period - Brenden Dillon is hit by T.J. Oshie and loses puck.
5:59 of 1st period - Shot by Luke Kunin.
5:59 of 1st period - Deflect By T.J. Oshie.
5:59 of 1st period - Stopped by Carter Hutton with a rebound.
7:11 of 1st period - Shot by Derek Grant.
7:11 of 1st period - Stopped by Carter Hutton with a rebound.
7:13 of 1st period - Shot by Mattias Ekholm.
7:13 of 1st period - Stopped by Carter Hutton without a rebound.
7:14 of 1st period - Carl Soderberg wins face-off versus Jack Roslovic in ST.LOUIS zone.
7:24 of 1st period - Minor Penalty to Carl Soderberg for Slashing.
7:25 of 1st period - Jaden Schwartz wins face-off versus Luke Kunin in ST.LOUIS zone.
7:38 of 1st period - Shot by T.J. Oshie.
7:38 of 1st period - Shot Misses the Net.
7:40 of 1st period - Shot by Mattias Ekholm.
7:40 of 1st period - Shot Misses the Net.
7:42 of 1st period - Shot by John Carlson.
7:42 of 1st period - Shot Blocked by Brenden Dillon.
7:44 of 1st period - Shot by John Carlson.
7:44 of 1st period - Stopped by Carter Hutton without a rebound.
7:45 of 1st period - Aleksander Barkov wins face-off versus Jaden Schwartz in ST.LOUIS zone.
8:18 of 1st period - Shot by Jacob Trouba.
8:18 of 1st period - Shot Misses the Net.
8:20 of 1st period - Shot by Jacob Trouba.
8:20 of 1st period - Shot Misses the Net.
8:22 of 1st period - Shot by Jacob Trouba.
8:22 of 1st period - Goal by Jacob Trouba - ST.LOUIS : 0 - COLUMBUS : 3.
8:23 of 1st period - Carl Soderberg wins face-off versus Luke Kunin in neutral zone.
8:23 of 1st period - Brenden Dillon is hit by T.J. Oshie and loses puck.
9:11 of 1st period - Icing by Brayden McNabb.
9:12 of 1st period - Carl Soderberg wins face-off versus Derek Grant in ST.LOUIS zone.
9:23 of 1st period - Shot by Sean Kuraly.
9:23 of 1st period - Deflect By Derek Grant.
9:23 of 1st period - Shot Misses the Net.
9:39 of 1st period - Minor Penalty to Sean Kuraly for Hooking.
9:40 of 1st period - Aleksander Barkov wins face-off versus James Neal in COLUMBUS zone.
9:40 of 1st period - John Carlson is hit by James Neal.
9:55 of 1st period - Icing by Ryan Getzlaf.
9:56 of 1st period - Aleksander Barkov wins face-off versus Ryan Getzlaf in ST.LOUIS zone.
10:01 of 1st period - Shot by Aleksander Barkov.
10:01 of 1st period - Shot Misses the Net.
12:03 of 1st period - Shot by Brett Howden.
12:03 of 1st period - Stopped by Mikko Koskinen without a rebound.
12:04 of 1st period - Derek Grant wins face-off versus Carl Soderberg in COLUMBUS zone.
12:27 of 1st period - Shot by Cam Atkinson.
12:27 of 1st period - Shot Misses the Net.
13:02 of 1st period - Shot by Ryan Getzlaf.
13:02 of 1st period - Shot Misses the Net.
13:04 of 1st period - Shot by Ryan Getzlaf.
13:04 of 1st period - Stopped by Mikko Koskinen without a rebound.
13:05 of 1st period - Aleksander Barkov wins face-off versus Ryan Johansen in COLUMBUS zone.
13:05 of 1st period - Aleksander Barkov is hit by Kevin Labanc.
13:20 of 1st period - Steven Stamkos is hit by Brayden McNabb and loses puck.
13:54 of 1st period - Ben Chiarot is hit by Ryan Getzlaf and loses puck.
14:24 of 1st period - Ryan Getzlaf is hit by John Carlson and loses puck.
15:29 of 1st period - Shot by Derek Grant.
15:29 of 1st period - Shot Blocked by Brenden Dillon.
15:31 of 1st period - Shot by Derek Grant.
15:31 of 1st period - Goal by Derek Grant - ST.LOUIS : 0 - COLUMBUS : 4.
15:32 of 1st period - Ryan Johansen wins face-off versus Jack Roslovic in neutral zone.
15:47 of 1st period - Shot by Marcus Sorensen.
15:47 of 1st period - Stopped by Carter Hutton without a rebound.
15:48 of 1st period - Anthony Beauvillier wins face-off versus Ryan Getzlaf in ST.LOUIS zone.
15:52 of 1st period - Shot by Aleksander Barkov.
15:52 of 1st period - Stopped by Carter Hutton without a rebound.
15:53 of 1st period - Ryan Getzlaf wins face-off versus Aleksander Barkov in ST.LOUIS zone.
16:00 of 1st period - Shot by Johnny Gaudreau.
16:00 of 1st period - Deflect By Ryan Getzlaf.
16:00 of 1st period - Shot Misses the Net.
16:05 of 1st period - Icing by Steven Stamkos.
16:06 of 1st period - Steven Stamkos wins face-off versus Jaden Schwartz in COLUMBUS zone.
16:06 of 1st period - Steven Stamkos is hit by Jaden Schwartz.
16:28 of 1st period - Shot by Darnell Nurse.
16:28 of 1st period - Stopped by Mikko Koskinen without a rebound.
16:29 of 1st period - Ryan Getzlaf wins face-off versus Cam Atkinson in COLUMBUS zone.
16:32 of 1st period - Shot by Johnny Gaudreau.
16:32 of 1st period - Shot Misses the Net.
16:40 of 1st period - Shot by Derek Grant.
16:40 of 1st period - Shot Misses the Net.
16:42 of 1st period - Shot by Derek Grant.
16:42 of 1st period - Shot Blocked by James Neal.
17:02 of 1st period - Shot by Ryan Getzlaf.
17:02 of 1st period - Stopped by Mikko Koskinen without a rebound.
17:03 of 1st period - Aleksander Barkov wins face-off versus Jaden Schwartz in COLUMBUS zone.
17:03 of 1st period - Aleksander Barkov is hit by Ryan Johansen.
17:20 of 1st period - Anthony Beauvillier is hit by Darnell Nurse and loses puck.
17:35 of 1st period - Shot by Jaden Schwartz.
17:35 of 1st period - Stopped by Mikko Koskinen without a rebound.
17:36 of 1st period - Carl Soderberg wins face-off versus Luke Kunin in COLUMBUS zone.
17:49 of 1st period - Shot by Joonas Donskoi.
17:49 of 1st period - Shot Blocked by Jacob Trouba.
17:57 of 1st period - Shot by Carl Soderberg.
17:57 of 1st period - Shot Misses the Net.
18:08 of 1st period - Joonas Donskoi is hit by Jacob Trouba and loses puck.
18:15 of 1st period - Shot by Joonas Donskoi.
18:15 of 1st period - Stopped by Mikko Koskinen without a rebound.
18:16 of 1st period - Aleksander Barkov wins face-off versus James Neal in COLUMBUS zone.
18:29 of 1st period - Shot by Aleksander Barkov.
18:29 of 1st period - Stopped by Carter Hutton without a rebound.
18:30 of 1st period - Derek Grant wins face-off versus Ryan Johansen in ST.LOUIS zone.
18:31 of 1st period - Shot by Ryan Murray.
18:31 of 1st period - Shot Misses the Net.
19:47 of 1st period - Shot by Johnny Gaudreau.
19:47 of 1st period - Stopped by Mikko Koskinen with a rebound.
Goals for this period are 0 for ST.LOUIS vs 4 for COLUMBUS.
Shots for this period are 10 for ST.LOUIS vs 14 for COLUMBUS.

2nd period


0:01 of 2nd period - Aleksander Barkov wins face-off versus Ryan Getzlaf in neutral zone.
0:09 of 2nd period - Shot by Ryan Getzlaf.
0:09 of 2nd period - Shot Misses the Net.
0:26 of 2nd period - Aleksander Barkov is hit by Darnell Nurse and loses puck.
0:42 of 2nd period - Icing by Andy Greene.
0:43 of 2nd period - Ryan Getzlaf wins face-off versus Luke Kunin in ST.LOUIS zone.
0:43 of 2nd period - Johnny Gaudreau is hit by T.J. Oshie and loses puck.
1:32 of 2nd period - Icing by Brenden Dillon.
1:33 of 2nd period - Ryan Johansen wins face-off versus Derek Grant in ST.LOUIS zone.
1:50 of 2nd period - Derek Grant is hit by Brayden McNabb and loses puck.
1:57 of 2nd period - Shot by Cam Atkinson.
1:57 of 2nd period - Stopped by Carter Hutton without a rebound.
1:58 of 2nd period - Aleksander Barkov wins face-off versus Carl Soderberg in ST.LOUIS zone.
1:59 of 2nd period - Shot by Ryan Murray.
1:59 of 2nd period - Stopped by Carter Hutton without a rebound.
2:00 of 2nd period - Aleksander Barkov wins face-off versus Joonas Donskoi in ST.LOUIS zone.
2:29 of 2nd period - Aleksander Barkov is hit by Brett Connolly and loses puck.
3:16 of 2nd period - Shot by James Neal.
3:16 of 2nd period - Shot Misses the Net.
3:18 of 2nd period - Shot by Johnny Gaudreau.
3:18 of 2nd period - Shot Misses the Net.
3:20 of 2nd period - Shot by Darnell Nurse.
3:20 of 2nd period - Shot Misses the Net.
3:22 of 2nd period - Shot by Andy Greene.
3:22 of 2nd period - Stopped by Mikko Koskinen without a rebound.
3:23 of 2nd period - Ryan Johansen wins face-off versus Jack Roslovic in COLUMBUS zone.
3:27 of 2nd period - Icing by Jacob Trouba.
3:28 of 2nd period - Ryan Johansen wins face-off versus Jack Roslovic in COLUMBUS zone.
3:28 of 2nd period - Brayden McNabb is hit by Ben Chiarot and loses puck.
3:39 of 2nd period - Shot by Brenden Dillon.
3:39 of 2nd period - Stopped by Mikko Koskinen without a rebound.
3:40 of 2nd period - Luke Kunin wins face-off versus Ryan Getzlaf in COLUMBUS zone.
3:40 of 2nd period - John Carlson is hit by Ryan Getzlaf and loses puck.
4:00 of 2nd period - James Neal is hit by Mattias Ekholm and loses puck.
4:35 of 2nd period - Jaden Schwartz is hit by Jonathan Drouin and loses puck.
5:21 of 2nd period - Minor Penalty to Adam Fox for Diving.
5:22 of 2nd period - Aleksander Barkov wins face-off versus Johnny Gaudreau in ST.LOUIS zone.
5:43 of 2nd period - Shot by Anthony Beauvillier.
5:43 of 2nd period - Shot Misses the Net.
5:45 of 2nd period - Shot by Jacob Trouba.
5:45 of 2nd period - Shot Misses the Net.
6:48 of 2nd period - Icing by Carl Gunnarsson.
6:49 of 2nd period - Carl Soderberg wins face-off versus Jack Roslovic in COLUMBUS zone.
6:49 of 2nd period - Carl Soderberg is hit by Erik Cernak.
7:01 of 2nd period - James Neal is hit by Sean Kuraly and loses puck.
7:18 of 2nd period - Shot by Aleksander Barkov.
7:18 of 2nd period - Shot Misses the Net.
7:20 of 2nd period - Shot by Steven Stamkos.
7:20 of 2nd period - Shot Blocked by Brenden Dillon.
8:37 of 2nd period - Icing by Jacob Trouba.
8:38 of 2nd period - Ryan Getzlaf wins face-off versus Luke Kunin in COLUMBUS zone.
8:46 of 2nd period - Icing by T.J. Oshie.
8:47 of 2nd period - Carl Soderberg wins face-off versus Luke Kunin in COLUMBUS zone.
9:41 of 2nd period - Icing by Brayden McNabb.
9:42 of 2nd period - Carl Soderberg wins face-off versus Jack Roslovic in ST.LOUIS zone.
10:19 of 2nd period - Shot by Ryan Getzlaf.
10:19 of 2nd period - Shot Blocked by Erik Cernak.
10:38 of 2nd period - Icing by Darnell Nurse.
10:39 of 2nd period - Aleksander Barkov wins face-off versus Ryan Getzlaf in ST.LOUIS zone.
11:14 of 2nd period - Shot by Steven Stamkos.
11:14 of 2nd period - Deflect By Aleksander Barkov.
11:14 of 2nd period - Stopped by Carter Hutton with a rebound.
11:16 of 2nd period - Shot by Aleksander Barkov.
11:16 of 2nd period - Stopped by Carter Hutton without a rebound.
11:17 of 2nd period - Derek Grant wins face-off versus Brett Howden in ST.LOUIS zone.
12:15 of 2nd period - Shot by Luke Kunin.
12:15 of 2nd period - Shot Misses the Net.
12:17 of 2nd period - Shot by Jonathan Drouin.
12:17 of 2nd period - Shot Blocked by Brayden McNabb.
12:19 of 2nd period - Shot by T.J. Oshie.
12:19 of 2nd period - Goal by T.J. Oshie - ST.LOUIS : 0 - COLUMBUS : 5.
12:20 of 2nd period - Aleksander Barkov wins face-off versus Ryan Johansen in neutral zone.
12:23 of 2nd period - Shot by Anthony Beauvillier.
12:23 of 2nd period - Goal by Anthony Beauvillier - ST.LOUIS : 0 - COLUMBUS : 6.
12:23 of 2nd period - Elvis Merzlikins enters game.
12:24 of 2nd period - Ryan Getzlaf wins face-off versus Aleksander Barkov in neutral zone.
12:24 of 2nd period - Darnell Nurse is hit by Steven Stamkos and loses puck.
12:28 of 2nd period - Minor Penalty to Aleksander Barkov for Holding.
12:29 of 2nd period - Jack Roslovic wins face-off versus Ryan Getzlaf in COLUMBUS zone.
12:44 of 2nd period - Shot by Johnny Gaudreau.
12:44 of 2nd period - Shot Misses the Net.
13:08 of 2nd period - Shot by Darnell Nurse.
13:08 of 2nd period - Shot Misses the Net.
13:10 of 2nd period - Shot by Darnell Nurse.
13:10 of 2nd period - Stopped by Mikko Koskinen without a rebound.
13:11 of 2nd period - Ryan Johansen wins face-off versus Jack Roslovic in COLUMBUS zone.
13:12 of 2nd period - Shot by Brayden McNabb.
13:12 of 2nd period - Stopped by Mikko Koskinen with a rebound.
13:14 of 2nd period - Shot by Kevin Labanc.
13:14 of 2nd period - Stopped by Mikko Koskinen without a rebound.
13:15 of 2nd period - Ryan Johansen wins face-off versus Jack Roslovic in COLUMBUS zone.
13:20 of 2nd period - Shot by Brayden McNabb.
13:20 of 2nd period - Shot Misses the Net.
13:22 of 2nd period - Shot by Brayden McNabb.
13:22 of 2nd period - Shot Misses the Net.
13:24 of 2nd period - Shot by Brenden Dillon.
13:24 of 2nd period - Shot Blocked by Jacob Trouba.
13:26 of 2nd period - Shot by Brayden McNabb.
13:26 of 2nd period - Shot Misses the Net.
13:28 of 2nd period - Shot by Brenden Dillon.
13:28 of 2nd period - Stopped by Mikko Koskinen without a rebound.
13:29 of 2nd period - Ryan Johansen wins face-off versus Jack Roslovic in COLUMBUS zone.
13:58 of 2nd period - Shot by Ryan Johansen.
13:58 of 2nd period - Stopped by Mikko Koskinen without a rebound.
13:59 of 2nd period - Marcus Sorensen wins face-off versus Ryan Getzlaf in COLUMBUS zone.
13:59 of 2nd period - Marcus Sorensen is hit by Ryan Getzlaf.
14:25 of 2nd period - John Carlson is hit by Ryan Getzlaf and loses puck.
15:39 of 2nd period - Jaden Schwartz is hit by Ben Chiarot and loses puck.
15:51 of 2nd period - Icing by Jacob Trouba.
15:52 of 2nd period - Ryan Getzlaf wins face-off versus Sean Kuraly in COLUMBUS zone.
15:57 of 2nd period - Shot by Ryan Getzlaf.
15:57 of 2nd period - Shot Misses the Net.
16:08 of 2nd period - James Neal is hit by Ben Chiarot and loses puck.
16:29 of 2nd period - Shot by James Neal.
16:29 of 2nd period - Stopped by Mikko Koskinen with a rebound.
16:31 of 2nd period - Shot by Johnny Gaudreau.
16:31 of 2nd period - Shot Misses the Net.
17:12 of 2nd period - Shot by Brett Howden.
17:12 of 2nd period - Goal by Brett Howden - ST.LOUIS : 1 - COLUMBUS : 6.
17:13 of 2nd period - Ryan Johansen wins face-off versus Aleksander Barkov in neutral zone.
17:50 of 2nd period - Shot by Kevin Labanc.
17:50 of 2nd period - Stopped by Mikko Koskinen without a rebound.
17:51 of 2nd period - Ryan Getzlaf wins face-off versus Luke Kunin in COLUMBUS zone.
17:56 of 2nd period - Shot by Johnny Gaudreau.
17:56 of 2nd period - Shot Misses the Net.
17:59 of 2nd period - Icing by Ryan Murray.
18:00 of 2nd period - Luke Kunin wins face-off versus Brett Connolly in COLUMBUS zone.
18:25 of 2nd period - Shot by Joonas Donskoi.
18:25 of 2nd period - Goal by Joonas Donskoi - ST.LOUIS : 2 - COLUMBUS : 6.
18:26 of 2nd period - Ryan Getzlaf wins face-off versus Aleksander Barkov in neutral zone.
18:40 of 2nd period - Shot by Anthony Beauvillier.
18:40 of 2nd period - Shot Misses the Net.
18:50 of 2nd period - Shot by Aleksander Barkov.
18:50 of 2nd period - Stopped by Elvis Merzlikins with a rebound.
19:23 of 2nd period - Icing by Ben Chiarot.
19:24 of 2nd period - Ryan Johansen wins face-off versus Luke Kunin in COLUMBUS zone.
19:31 of 2nd period - Shot by Jaden Schwartz.
19:31 of 2nd period - Stopped by Mikko Koskinen without a rebound.
19:32 of 2nd period - Ryan Johansen wins face-off versus Derek Grant in COLUMBUS zone.
19:53 of 2nd period - Shot by Kevin Labanc.
19:53 of 2nd period - Stopped by Mikko Koskinen without a rebound.
19:54 of 2nd period - Luke Kunin wins face-off versus Carl Soderberg in COLUMBUS zone.
Goals for this period are 2 for ST.LOUIS vs 2 for COLUMBUS.
Shots for this period are 13 for ST.LOUIS vs 7 for COLUMBUS.

3rd period


0:01 of 3rd period - Ryan Getzlaf wins face-off versus Aleksander Barkov in neutral zone.
0:37 of 3rd period - Shot by Steven Stamkos.
0:37 of 3rd period - Shot Misses the Net.
1:00 of 3rd period - Jacob Trouba is hit by Jaden Schwartz and loses puck.
2:41 of 3rd period - Shot by Kaapo Kakko.
2:41 of 3rd period - Shot Misses the Net.
2:54 of 3rd period - Icing by Carl Gunnarsson.
2:55 of 3rd period - Jack Roslovic wins face-off versus Johnny Gaudreau in COLUMBUS zone.
3:04 of 3rd period - Icing by Ryan Getzlaf.
3:05 of 3rd period - Aleksander Barkov wins face-off versus Ryan Getzlaf in ST.LOUIS zone.
3:07 of 3rd period - Minor Penalty to Steven Stamkos for Hooking.
3:08 of 3rd period - Ryan Getzlaf wins face-off versus Aleksander Barkov in COLUMBUS zone.
3:12 of 3rd period - Johnny Gaudreau is hit by Jacob Trouba and loses puck.
3:15 of 3rd period - Shot by James Neal.
3:15 of 3rd period - Shot Misses the Net.
3:17 of 3rd period - Shot by Andy Greene.
3:17 of 3rd period - Stopped by Mikko Koskinen without a rebound.
3:18 of 3rd period - Aleksander Barkov wins face-off versus Ryan Getzlaf in COLUMBUS zone.
3:43 of 3rd period - Shot by Andy Greene.
3:43 of 3rd period - Stopped by Mikko Koskinen with a rebound.
3:53 of 3rd period - Shot by Andy Greene.
3:53 of 3rd period - Stopped by Mikko Koskinen with a rebound.
3:55 of 3rd period - Shot by Darnell Nurse.
3:55 of 3rd period - Stopped by Mikko Koskinen without a rebound.
3:56 of 3rd period - Ryan Johansen wins face-off versus Aleksander Barkov in COLUMBUS zone.
4:19 of 3rd period - Shot by Brenden Dillon.
4:19 of 3rd period - Shot Misses the Net.
4:21 of 3rd period - Shot by Brayden McNabb.
4:21 of 3rd period - Shot Hit the Post.
4:23 of 3rd period - Shot by Brayden McNabb.
4:23 of 3rd period - Shot Misses the Net.
4:25 of 3rd period - Shot by Brenden Dillon.
4:25 of 3rd period - Deflect By Ryan Johansen.
4:25 of 3rd period - Shot Misses the Net.
4:27 of 3rd period - Shot by Ryan Johansen.
4:27 of 3rd period - Stopped by Mikko Koskinen with a rebound.
5:01 of 3rd period - Shot by James Neal.
5:01 of 3rd period - Stopped by Mikko Koskinen without a rebound.
5:02 of 3rd period - Jack Roslovic wins face-off versus Ryan Getzlaf in COLUMBUS zone.
5:29 of 3rd period - Adam Fox is hit by Sean Kuraly.
6:11 of 3rd period - Icing by Jonathan Drouin.
6:12 of 3rd period - Ryan Getzlaf wins face-off versus Luke Kunin in COLUMBUS zone.
6:33 of 3rd period - Shot by Johnny Gaudreau.
6:33 of 3rd period - Deflect By Ryan Getzlaf.
6:33 of 3rd period - Stopped by Mikko Koskinen without a rebound.
6:34 of 3rd period - Aleksander Barkov wins face-off versus Ryan Johansen in COLUMBUS zone.
6:34 of 3rd period - Mattias Ekholm is hit by Jaden Schwartz and loses puck.
6:52 of 3rd period - Off-side.
6:53 of 3rd period - Ryan Getzlaf wins face-off versus Marcus Sorensen in neutral zone.
7:00 of 3rd period - Shot by Ryan Getzlaf.
7:00 of 3rd period - Goal by Ryan Getzlaf - ST.LOUIS : 3 - COLUMBUS : 6.
7:01 of 3rd period - Aleksander Barkov wins face-off versus Ryan Getzlaf in neutral zone.
7:03 of 3rd period - Off-side.
7:04 of 3rd period - Ryan Getzlaf wins face-off versus Aleksander Barkov in neutral zone.
7:11 of 3rd period - Shot by Johnny Gaudreau.
7:11 of 3rd period - Shot Misses the Net.
7:16 of 3rd period - Icing by Mattias Ekholm.
7:17 of 3rd period - Ryan Johansen wins face-off versus Aleksander Barkov in COLUMBUS zone.
7:20 of 3rd period - Shot by Kevin Labanc.
7:20 of 3rd period - Stopped by Mikko Koskinen without a rebound.
7:21 of 3rd period - Aleksander Barkov wins face-off versus Ryan Getzlaf in COLUMBUS zone.
7:34 of 3rd period - John Carlson is hit by Ryan Getzlaf and loses puck.
8:24 of 3rd period - Cam Atkinson is hit by Brayden McNabb and loses puck.
8:36 of 3rd period - Shot by Ryan Johansen.
8:36 of 3rd period - Stopped by Mikko Koskinen with a rebound.
8:38 of 3rd period - Shot by Brenden Dillon.
8:38 of 3rd period - Shot Misses the Net.
8:42 of 3rd period - Shot by Kevin Labanc.
8:42 of 3rd period - Stopped by Mikko Koskinen without a rebound.
8:43 of 3rd period - Luke Kunin wins face-off versus Joonas Donskoi in COLUMBUS zone.
8:50 of 3rd period - Icing by Joonas Donskoi.
8:51 of 3rd period - Luke Kunin wins face-off versus Carl Soderberg in ST.LOUIS zone.
9:02 of 3rd period - Shot by Jonathan Drouin.
9:02 of 3rd period - Shot Misses the Net.
9:04 of 3rd period - Shot by Ryan Murray.
9:04 of 3rd period - Stopped by Elvis Merzlikins without a rebound.
9:05 of 3rd period - Aleksander Barkov wins face-off versus Ryan Johansen in ST.LOUIS zone.
9:05 of 3rd period - Mattias Ekholm is hit by Brenden Dillon and loses puck.
9:40 of 3rd period - Shot by Kevin Labanc.
9:40 of 3rd period - Shot Blocked by Aleksander Barkov.
9:58 of 3rd period - Shot by Johnny Gaudreau.
9:58 of 3rd period - Stopped by Mikko Koskinen without a rebound.
9:59 of 3rd period - Luke Kunin wins face-off versus Carl Soderberg in COLUMBUS zone.
10:08 of 3rd period - Joonas Donskoi is hit by Luke Kunin and loses puck.
11:11 of 3rd period - Off-side.
11:12 of 3rd period - Ryan Johansen wins face-off versus Derek Grant in neutral zone.
13:15 of 3rd period - Icing by Adam Fox.
13:16 of 3rd period - Carl Soderberg wins face-off versus Jack Roslovic in ST.LOUIS zone.
14:19 of 3rd period - Shot by Jonathan Drouin.
14:19 of 3rd period - Deflect By Luke Kunin.
14:19 of 3rd period - Stopped by Elvis Merzlikins without a rebound.
14:20 of 3rd period - Derek Grant wins face-off versus Ryan Getzlaf in ST.LOUIS zone.
14:47 of 3rd period - Shot by Cam Atkinson.
14:47 of 3rd period - Stopped by Elvis Merzlikins without a rebound.
14:48 of 3rd period - Luke Kunin wins face-off versus Jaden Schwartz in ST.LOUIS zone.
14:57 of 3rd period - Shot by T.J. Oshie.
14:57 of 3rd period - Deflect By Jonathan Drouin.
14:57 of 3rd period - Shot Blocked by Brayden McNabb.
15:19 of 3rd period - Kevin Labanc is hit by Luke Kunin and loses puck.
15:24 of 3rd period - Shot by Jonathan Drouin.
15:24 of 3rd period - Stopped by Elvis Merzlikins without a rebound.
15:25 of 3rd period - Aleksander Barkov wins face-off versus Ryan Getzlaf in ST.LOUIS zone.
15:25 of 3rd period - Aleksander Barkov is hit by Darnell Nurse.
15:37 of 3rd period - Shot by John Carlson.
15:37 of 3rd period - Stopped by Elvis Merzlikins without a rebound.
15:38 of 3rd period - Derek Grant wins face-off versus Brett Howden in ST.LOUIS zone.
16:05 of 3rd period - Shot by Neal Pionk.
16:05 of 3rd period - Shot Misses the Net.
16:29 of 3rd period - Shot by Ryan Getzlaf.
16:29 of 3rd period - Shot Misses the Net.
16:31 of 3rd period - Shot by Johnny Gaudreau.
16:31 of 3rd period - Shot Misses the Net.
17:21 of 3rd period - Shot by Aleksander Barkov.
17:21 of 3rd period - Shot Blocked by Darnell Nurse.
17:23 of 3rd period - Shot by Steven Stamkos.
17:23 of 3rd period - Stopped by Elvis Merzlikins without a rebound.
17:24 of 3rd period - Luke Kunin wins face-off versus Jaden Schwartz in ST.LOUIS zone.
17:27 of 3rd period - Shot by T.J. Oshie.
17:27 of 3rd period - Shot Misses the Net.
17:34 of 3rd period - Jaden Schwartz is hit by Erik Cernak and loses puck.
17:50 of 3rd period - Shot by Jaden Schwartz.
17:50 of 3rd period - Shot Blocked by Erik Cernak.
17:52 of 3rd period - Shot by Brayden McNabb.
17:52 of 3rd period - Shot Misses the Net.
17:54 of 3rd period - Shot by Brenden Dillon.
17:54 of 3rd period - Shot Blocked by Erik Cernak.
18:24 of 3rd period - Off-side.
18:25 of 3rd period - Brett Howden wins face-off versus Anthony Beauvillier in neutral zone.
18:35 of 3rd period - Anthony Beauvillier is hit by Neal Pionk and loses puck.
18:56 of 3rd period - Shot by Brett Howden.
18:56 of 3rd period - Deflect By Tim Schaller.
18:56 of 3rd period - Shot Misses the Net.
19:44 of 3rd period - Shot by Johnny Gaudreau.
19:44 of 3rd period - Shot Misses the Net.
19:46 of 3rd period - Shot by Andy Greene.
19:46 of 3rd period - Shot Blocked by Ben Chiarot.
19:48 of 3rd period - Shot by Andy Greene.
19:48 of 3rd period - Shot Blocked by Ben Chiarot.
Goals for this period are 1 for ST.LOUIS vs 0 for COLUMBUS.
Shots for this period are 12 for ST.LOUIS vs 6 for COLUMBUS.